 Dungeon Crawl Stone Soup version 0.13-a0-3016-gcb2faac (webtiles) character file.

1816 Gruud the Spear-Bearer (level 8, -6/61 HPs)
             Began as a Djinni Wanderer on Sept 11, 2013.
             Mangled by an ogre
             ... wielding a +0,+0 giant spiked club
              (21 damage)
             ... on Level 6 of the Dungeon.
             The game lasted 00:23:31 (6801 turns).

Gruud the Spear-Bearer (Djinni Wanderer)            Turns: 6801, Time: 00:23:31

HP  -6/61        AC 17     Str 11      XL: 8   Next: 61%
MP   0/0         EV  4     Int 16      God:
Gold 227         SH  0     Dex 13      Spells:  0 memorised, 11 levels left

Res.Fire  : + + +   See Invis. : .   a - -1,+0 bardiche
Res.Cold  : x . .   Warding    : .   j - +2 chain mail
Life Prot.: + + +   Conserve   : .   (no shield)
Res.Poison: .       Res.Corr.  : .   f - +2 helmet
Res.Elec. : .       Clarity    : .   p - +2 cloak
Sust.Abil.: . .     Spirit.Shd : .   (no gloves)
Res.Mut.  : .       Stasis     : .   (boots unavailable)
Res.Rott. : .       Flight     : .   (no amulet)
Saprovore : . . .                    (no ring)
                                     x - +1 ring of protection

@: slightly resistant to hostile enchantments, extremely unstealthy
A: fire immunity, cold vulnerability, life protection 3
a: no special abilities


You were on level 6 of the Dungeon.
You were not hungry.

You visited 1 branch of the dungeon, and saw 6 of its levels.

You collected 294 gold pieces.
You spent 117 gold pieces at shops.

Inventory:

Hand weapons
 a - a -1,+0 bardiche (weapon)
 b - a +2 blowgun
 h - a +0,+0 whip
 l - a +0,+0 dagger of venom
Missiles
 m - 6 curare-tipped needles
 v - 3 poisoned darts (quivered)
 y - 24 poisoned needles
Armour
 f - a +2 helmet (worn)
 j - a +2 chain mail (worn)
 p - a +2 cloak (worn)
Magical devices
 d - a wand of invisibility (4)
 w - a wand of fire (8)
Comestibles
 c - a choko
 g - a royal jelly
 i - 3 meat rations
 o - 4 bread rations
 z - a sausage
Scrolls
 e - a scroll of fog
 k - a scroll of enchant armour
 u - 4 scrolls of teleportation
 D - 2 scrolls of magic mapping
Jewellery
 s - a -2 ring of strength
 t - an uncursed ring of sustenance
 x - a +1 ring of protection (left hand)
Potions
 q - a potion of curing
 r - a potion of poison {unknown}
 A - a potion of speed
 B - a potion of cure mutation
 E - a potion of slowing {unknown}


   Skills:
 - Level 1.7 Fighting
 - Level 3.6 Maces & Flails
 * Level 9.9 Polearms
   Level 1.0 Staves
 - Level 1.7 Dodging
 - Level 1.5 Stealth
   Level 1.0 Shields
 - Level 2.4 Spellcasting
   Level 1.1 Conjurations
 - Level 1.1 Evocations


You had 11 spell levels left.
You didn't know any spells.

Dungeon Overview and Level Annotations

Branches:
Dungeon (6/27)
 Temple: D:4-7          Orc: D:6-11

Altars:
Okawaru
Sif Muna
the Shining One

Shops:
D:4 /


Innate Abilities, Weirdness & Mutations

You are immune to all types of fire, even holy and hellish.
You are vulnerable to cold.
You need no food.
You have no legs.
You are immune to negative energy.


Message History

You hit the ogre.
The ogre is lightly wounded.
The ogre hits you with a giant spiked club!
You hit the ogre.
The ogre is lightly wounded.
The ogre hits you with a giant spiked club!
You hit the ogre.
The ogre is moderately wounded.
The ogre barely misses you.
You slash the ogre!
The ogre is almost dead.
The ogre hits you with a giant spiked club!
* * * LOW HITPOINT WARNING * * *
You are too injured to fight recklessly!
You are too injured to fight recklessly!
You are too injured to fight recklessly!
You hit the ogre but do no damage.
The ogre is almost dead.
The ogre hits you with a giant spiked club!
You die...

..............###........<)
.............# #.......<.<
...........%.###..........
..........................
...........(..............
..........................
..........................
..........................
.........@................
......?.O................
....:.................###
......................# #
.....................###
.......................
.............)........
..................... ...
............


You could see an ogre.

Vanquished Creatures
  The ghost of Gruud the Insei, an average DsMo (D:5)
  The ghost of goblolo the Caller, an average DESu (D:4)
  2 centaurs (D:5)
  2 ogres
  Sigmund (D:5)
  2 giant frogs
  A jelly (D:5)
  4 hounds
  A black bear zombie (D:6)
  A giant frog skeleton (D:4)
  6 orc wizards
  4 iguanas
  A scorpion (D:4)
  3 worker ants
  A hound skeleton (D:4)
  7 adders
  A shadow imp (D:4)
  2 white imps (D:4)
  5 worms
  A giant mite (D:3)
  A giant eyeball (D:4)
  3 giant geckos
  An ooze (D:1)
  16 orcs
  A bat skeleton (D:5)
  13 hobgoblins
  2 jackals (D:3)
  13 kobolds
  4 quokkas
  10 bats
  6 giant cockroaches
  3 giant newts
  15 goblins
  2 hobgoblin skeletons
  A jackal skeleton (D:4)
  2 orc skeletons
  11 rats
151 creatures vanquished.

Notes
Turn   | Place    | Note
--------------------------------------------------------------
     0 | D:1      | Gruud, the Djinni Wanderer, began the quest for the Orb.
     0 | D:1      | Reached XP level 1. HP: 14/14 MP: 0/0
   160 | D:1      | Reached skill level 1 in Fighting
   193 | D:1      | Reached XP level 2. EP: 22/22
   519 | D:1      | Reached skill level 1 in Maces & Flails
  1002 | D:2      | Reached XP level 3. EP: 27/27
  1386 | D:2      | Found a deep blue altar of Sif Muna.
  2091 | D:3      | Reached skill level 3 in Maces & Flails
  2157 | D:3      | Reached XP level 4. EP: 25/34
  2711 | D:3      | Reached skill level 1 in Polearms
  3035 | D:4      | Reached XP level 5. EP: 16/42
  3304 | D:4      | Noticed a phantom
  3308 | D:4      | Found Cuxe's Magical Wand Boutique.
  3352 | D:4      | Noticed goblolo's ghost (average DESu)
  3802 | D:4      | Reached skill level 4 in Polearms
  3802 | D:4      | Reached XP level 6. EP: 12/48
  4196 | D:5      | Entered Level 5 of the Dungeon
  4196 | D:5      | Found a glowing golden altar of the Shining One.
  4196 | D:5      | Noticed Gruud's ghost (average DsMo)
  4237 | D:4      | Bought a wand of invisibility (5) for 117 gold pieces
  4271 | D:4      | Paralysed by a giant eyeball for 4 turns
  4279 | D:4      | Paralysed by a giant eyeball for 4 turns
  4284 | D:4      | Paralysed by a giant eyeball for 2 turns
  4558 | D:4      | Killed goblolo's ghost
  4558 | D:4      | Reached skill level 5 in Polearms
  4842 | D:4      | Found an iron altar of Okawaru.
  5123 | D:5      | Killed Gruud's ghost
  5123 | D:5      | Reached skill level 6 in Polearms
  5123 | D:5      | Reached XP level 7. EP: 49/55
  5294 | D:5      | Noticed Sigmund
  5324 | D:4      | Reached skill level 7 in Polearms
  5542 | D:5      | HP: 1/55 [iguana (6)]
  5547 | D:5      | Reached skill level 8 in Polearms
  5642 | D:5      | Reached XP level 8. EP: 55/61
  5839 | D:5      | Killed Sigmund
  5991 | D:5      | Reached skill level 9 in Polearms
  6801 | D:6      | Mangled by an ogre

Action                   |  1- 3 |  4- 6 |  7- 9 || total
-------------------------+-------+-------+-------++-------
Melee: Dagger            |    20 |       |       ||    20
       Short sword       |     7 |       |       ||     7
       Whip              |   212 |    40 |       ||   252
       Bardiche          |       |   329 |   214 ||   543
Throw: Dart              |     3 |     5 |     3 ||    11
       Dagger            |       |     1 |       ||     1
Evoke: Wand              |       |       |     6 ||     6
  Use: Scroll            |     6 |     7 |     7 ||    20
       Potion            |       |     3 |     5 ||     8
